 Dungeon Crawl Stone Soup version 0.31-a0-149-g3fdcc5976a (webtiles) character file.

Game seed: 9485446045967352886

454 jlumianski the Magician (level 7, -5/47 HPs)
             Began as a Djinni Fire Elementalist on June 7, 2023.
             Killed by divine providence
             ... invoked by an orc priest
              (15 damage)
             ... on level 4 of the Dungeon.
             The game lasted 00:27:21 (4449 turns).

jlumianski the Magician (Djinni Fire Elementalist)  Turns: 4449, Time: 00:27:22

Health: -5/47      AC:  3    Str:  7    XL:     7   Next: 26%
Gold:   209        EV: 12    Int: 20    God:
                   SH:  0    Dex:  9

rFire   + + .        u - +7 spear "Xipoa" {antimagic, rC+++ rCorr Int+2 Dex-5}
rCold   + + .        (no shield)
rNeg    . . .        a - +0 robe
rPois   ∞            r - +0 helmet
rElec   .            (no cloak)
rCorr   +            (no gloves)
SInv    .            (boots unavailable)
Will    .....        (no amulet)
Stlth   ++           (no ring)
HPRegen 0.27/turn    (no ring)
MPRegen 0.00/turn

%: infuse magic (-6 HP)
@: flying
A: sickness immunity, fire resistance 2, cold vulnerability 1, float, innate
caster, HP casting, extra vitality 1
a: no special abilities


You were on level 4 of the Dungeon.
You visited 1 branch of the dungeon, and saw 5 of its levels.

You collected 209 gold pieces.

Inventory:

Hand Weapons
 e - a +0 short sword
 j - a +2 vampiric whip
 q - a +2 halberd of protection
 u - the +7 spear "Xipoa" (weapon) {antimagic, rC+++ rCorr Int+2 Dex-5}
   (You found it on level 4 of the Dungeon)

   Int:       It affects your intelligence (+2).
   Dex:       It affects your dexterity (-5).
   rC:        It renders you almost immune to cold.
   rCorr:     It protects you from acid and corrosion.
Missiles
 s - 2 boomerangs
Armour
 a - a +0 robe (worn)
 m - the orb "Veuceshe" {*Rage, Int+3}
   (You took it off a hobgoblin on level 3 of the Dungeon)

   Int:       It affects your intelligence (+3).
 r - a +0 helmet (worn)
Wands
 l - a wand of flame (30)
 w - a wand of iceblast (9)
Scrolls
 b - 2 scrolls of enchant armour {unknown}
 c - a scroll of noise {unknown}
 d - a scroll of vulnerability {unknown}
 f - 2 scrolls of magic mapping {unknown}
 h - a scroll of poison {unknown}
 i - a scroll of fog {unknown}
 k - a scroll of enchant weapon {unknown}
 t - 2 scrolls of identify {unknown}
 v - a scroll of amnesia {unknown}
 x - a scroll of immolation {unknown}
Potions
 g - a potion of mutation {unknown}
 n - a potion of ambrosia {unknown}
 o - a potion of curing {unknown}
 p - a potion of haste {unknown}


   Skills:
 + Level 1.1 Fighting
 + Level 0.6 Short Blades
 + Level 0.2 Maces & Flails
 + Level 3.7 Dodging
 + Level 3.0 Stealth
 * Level 5.0 Spellcasting
 * Level 5.0 Conjurations
 * Level 5.0 Hexes
 * Level 5.0 Summonings
 * Level 5.0 Necromancy
 * Level 5.0 Translocations
 * Level 5.0 Transmutations
 * Level 5.0 Fire Magic
 * Level 5.0 Ice Magic
 * Level 5.0 Air Magic
 * Level 5.0 Earth Magic
 * Level 5.0 Poison Magic


You knew the following spells:

 Your Spells              Type           Power      Damage    Failure   Level
a - Foxfire               Conj/Fire      100%       2x1d9     1%          1
b - Scorch                Fire           50%        2d7       2%          2
c - Volatile Blastmotes   Fire/Tloc      50%        2d14      4%          3
d - Inner Flame           Hex/Fire       25%        N/A       4%          3
e - Flame Wave            Conj/Fire      25%        2d8       14%         4
f - Beastly Appendage     Tmut           50%        N/A       1%          1
g - Blink                 Tloc           50%        N/A       2%          2
h - Momentum Strike       Conj/Tloc      50%        3d9       2%          2
Your spell library was empty.

Dungeon Overview and Level Annotations

Branches:
Dungeon (5/15)
 Temple: D:4-7

Altars:
Qazlal
Trog
Yredelemnul

Annotations:
D:3 Edmund


Innate Abilities, Weirdness & Mutations

You are immune to sickness and miasma.
You are immune to poison.
Your flesh is very heat resistant. (rF++)
You are vulnerable to cold. (rC-)
You float through the air rather than walking.
You learn spells naturally, not from books.
Your magical power is your life essence.
You have superior vitality. (+4 MHP)


Message History

The orc is heavily wounded.
The orc priest calls down the wrath of Beogh upon you.
Beogh smites you!
Casting: Foxfire (safe; 1% risk of failure)
Confirm with . or Enter, or press ? or * to list all spells.
A cloud of volatile blastmotes flares up around you!
The orc priest mumbles some strange prayers to Beogh against you.
Beogh smites you!
The cloud of blastmotes explodes!
The concussive blast engulfs the orc!
You kill the orc!
The orc priest looks encouraged for a moment.
You see here a quokka skeleton.
Casting: Volatile Blastmotes (dangerous; 4% risk of failure)
Confirm with . or Enter, or press ? or * to list all spells.
A cloud of volatile blastmotes flares up around you!
The orc priest calls upon Beogh to heal something.
The orc priest calls down the wrath of Beogh upon you.
Pain shoots through your body!
* * * LOW HITPOINT WARNING * * *
The cloud of blastmotes explodes!
The concussive blast engulfs the orc priest!
The orc priest is severely wounded.
The concussive blast engulfs the orc priest.
The orc priest is heavily wounded.
The orc priest is knocked back by the blast.
You hear a shout!
Casting: Volatile Blastmotes (dangerous; 4% risk of failure)
Confirm with . or Enter, or press ? or * to list all spells.
A cloud of volatile blastmotes flares up around you!
* * * LOW HITPOINT WARNING * * *
The orc priest casts a cantrip, but nothing happens.
The orc priest mumbles some strange prayers to Beogh against you.
You struggle to resist.
Okay, then.
The orc priest mumbles some strange prayers to Beogh against you.
Pain shoots through your body!
* * * LOW HITPOINT WARNING * * *
The orc priest calls down the wrath of Beogh upon you.
Beogh smites you!
You die...

##..........#### #o###...#
######.####.# #.....#.#
######.# #.# #####...#
.......# ##'## ######o####
.......###...## #.........#
.####.###.....## #.####.##.#
..###.##.......## #..###.##.#
...##.#.........####...#..##.#
.....)'.........@.....o..###.#
.....)#.........####...#.# #.#
#..#####.......## #..##.###.#
##.# ##....)## #.........# #.#
##...## #####.##### #.# ##'##
#.# #.# #.# #.# #.# #.#
##########.# #.#####
##.###..........#


You could see an orc priest.

Vanquished Creatures
  2 jellies (D:4)
  An orc priest (D:4)
  Ijyb (D:4)
  Natasha (thrice) (D:4)
  3 orc wizards (D:4)
  2 gnolls (D:3)
  7 adders
  An ufetubus (D:4)
  3 worms
  5 dart slugs
  10 orcs
  7 endoplasms
  A giant cockroach (D:1)
  9 hobgoblins
  4 kobolds
  3 quokkas
  5 ball pythons
  4 bats
  7 frilled lizards
  4 goblins
  7 rats
89 creatures vanquished.

Vanquished Creatures (others)
  208 foxfires
208 creatures vanquished.

Grand Total: 297 creatures vanquished

Notes
Turn   | Place    | Note
-------+----------+-------------------------------------------
     0 | D:1      | jlumianski the Djinni Fire Elementalist began the quest for
                  | the Orb.
     0 | D:1      | jlumianski set off with the following spells memorised:
                  | Foxfire, Scorch, Volatile Blastmotes, Inner Flame, Flame
                  | Wave.
     0 | D:1      | Reached XP level 1. HP: 15/15 MP: 0/0
    71 | D:1      | Reached XP level 2. HP: 14/21 MP: 0/0
   365 | D:1      | Reached XP level 3. HP: 25/25 MP: 0/0
   365 | D:1      | Learned a level 1 spell: Beastly Appendage
   900 | D:2      | Found a faded altar of an unknown god.
   909 | D:2      | Reached XP level 4. HP: 30/31 MP: 0/0
  1111 | D:3      | Found a bloodstained altar of Trog.
  1111 | D:3      | Found a basalt altar of Yredelemnul.
  2137 | D:3      | Reached XP level 5. HP: 15/36 MP: 0/0
  2137 | D:3      | Learned a level 2 spell: Blink
  2154 | D:3      | HP: 1/36 [gnoll/+0 spear of flaming (3)]
  2490 | D:3      | Identified the orb "Veuceshe" {*Rage, Int+3}
  2764 | D:3      | Found a stormy altar of Qazlal.
  3096 | D:5      | Entered Level 5 of the Dungeon
  3306 | D:4      | Reached XP level 6. HP: 33/41 MP: 0/0
  3384 | D:4      | Reached skill level 1 in Fighting
  3392 | D:4      | Noticed Edmund
  3404 | D:4      | Identified the +7 spear "Xipoa" {antimagic, rC+++ rCorr
                  | Int+2 Dex-5}
  3745 | D:4      | Noticed Natasha
  3748 | D:4      | Killed Natasha
  3883 | D:4      | Noticed Natasha
  3893 | D:4      | Killed Natasha
  3970 | D:4      | Noticed Ijyb
  3979 | D:4      | Killed Ijyb
  3993 | D:4      | Noticed Natasha
  3998 | D:4      | Killed Natasha
  4239 | D:4      | Reached XP level 7. HP: 44/47 MP: 0/0
  4239 | D:4      | Learned a level 2 spell: Momentum Strike
  4344 | D:4      | Reached skill level 5 in Spellcasting
  4344 | D:4      | Reached skill level 5 in Conjurations
  4344 | D:4      | Reached skill level 5 in Hexes
  4344 | D:4      | Reached skill level 5 in Summonings
  4344 | D:4      | Reached skill level 5 in Necromancy
  4344 | D:4      | Reached skill level 5 in Translocations
  4344 | D:4      | Reached skill level 5 in Transmutations
  4344 | D:4      | Reached skill level 5 in Fire Magic
  4344 | D:4      | Reached skill level 5 in Ice Magic
  4344 | D:4      | Reached skill level 5 in Air Magic
  4344 | D:4      | Reached skill level 5 in Earth Magic
  4344 | D:4      | Reached skill level 5 in Poison Magic
  4449 | D:4      | Killed from afar by an orc priest

Illustrated notes

Levels and vault maps discovered:
D:1:      minmay_arrival_five_plusses, layout_loops_ring,
          hangedman_decor_slide_cut, minmay_heptomino_l4
D:2:      layout_basic, shapermc_ecumenical_altar_starsandcircs
D:3:      layout_loops_corners, mainiacjoe_overflow_paths,
          chequers_temple_overflow_statue_of_worship,
          minmay_misc_feat_nine_boxes
D:4:      layout_loops_corners, st_stairs_3, uniq_natasha, uniq_ijyb,
          uniq_edmund
D:5:      layout_loops_ring

Skill      XL: |  1  2  3  4  5  6  7 |
---------------+----------------------+-----
Spellcasting   | 4 5 |  5.0
Conjurations   | 4 5 |  5.0
Hexes          | 4 5 |  5.0
Summonings     | 4 5 |  5.0
Necromancy     | 4 5 |  5.0
Translocations | 4 5 |  5.0
Transmutations | 4 5 |  5.0
Fire Magic     | 4 5 |  5.0
Ice Magic      | 4 5 |  5.0
Air Magic      | 4 5 |  5.0
Earth Magic    | 4 5 |  5.0
Poison Magic   | 4 5 |  5.0
Stealth        | 2 3 |  3.0
Dodging        | 3 |  3.7
Fighting       | 1 |  1.1
Short Blades   | |  0.6
Maces & Flails | |  0.2

Action                     |  1- 3 |  4- 6 |  7- 9 || total
---------------------------+-------+-------+-------++-------
  Melee: Unarmed           |     9 |       |       ||     9
         Short sword       |    23 |     1 |       ||    24
         Whip              |       |    13 |       ||    13
         Spear             |       |     5 |       ||     5
   Cast: Foxfire           |    41 |    78 |     5 ||   124
         Scorch            |     1 |    15 |     1 ||    17
         Volatile Blastmot |       |    13 |     7 ||    20
         Blink             |       |     5 |     1 ||     6
         Momentum Strike   |       |       |     1 ||     1
   Stab: Sleeping          |     2 |     2 |       ||     4
 Armour: Robe              |    10 |     7 |       ||    17
  Dodge: Dodged            |    33 |    25 |     3 ||    61

Table legend: (Time is in decaauts)
 A = Elapsed time spent in this place.
 B = Non-inter-level travel time spent in this place.
 C = Inter-level travel time spent in this place.
 D = Time resting spent in this place.
 E = Time spent auto-exploring this place.
 F = Levels seen in this place.
 G = Mean time per level.
                   A        B        C        D        E       F      G
               +--------+--------+--------+--------+--------+-----+--------+
         Total |   4456 |   4380 |     76 |    279 |   2789 |   5 |  891.2 |
       Dungeon |   4456 |   4380 |     76 |    279 |   2789 |   5 |  891.2 |
               +--------+--------+--------+--------+--------+-----+--------+

Top non-repeatable levels by time:
     D:4: 1312 daAuts
     D:3: 1224 daAuts
     D:2: 1044 daAuts
     D:1: 873 daAuts
     D:5: 1 daAuts
